 Dungeon Crawl Stone Soup version 0.32-a0-411-g744942f433 (console) character file.

Game seed: 1956662023081286202

979 zenocrate the Ruffian (level 7, 0/67 HPs)
             Began as a Troll Delver on Feb 20, 2024.
             Slain by Pikel
             ... wielding a +2 whip of electrocution
              (9 damage)
             ... on level 5 of the Dungeon.
             The game lasted 00:05:39 (3969 turns).

zenocrate the Ruffian (Troll Delver)                Turns: 3969, Time: 00:05:40

Health: 0/67       AC:  5    Str: 23    XL:     7   Next: 96%
Magic:  15/15      EV:  9    Int: 12    God:
Gold:   270        SH:  0    Dex: 11    Spells: 6/6 levels left

rFire   . .          .
                       - Unarmed
rCold   . . .        (no shield)
rNeg    . . .        a - +0 robe
rPois   .            (helmet restricted)
rElec   .            h - +0 cloak
rCorr   .            (gloves unavailable)
SInv    .            (boots unavailable)
Will    .....        (no amulet)
Stlth   ++           k - +6 ring of intelligence
HPRegen 1.11/turn    q - ring of magical power
MPRegen 0.14/turn

%: no passive effects
@: no status effects
A: large, unfitting armour, claws 3, regeneration 1, shaggy fur 1, tough skin 1
a: no special abilities


You were on level 5 of the Dungeon.
You visited 1 branch of the dungeon, and saw 5 of its levels.

You collected 365 gold pieces.
You spent 95 gold pieces at shops.

Inventory:

Missiles
 d - 6 javelins
 o - 5 large rocks
 w - 3 poisoned darts (quivered)
 B - a throwing net
Armour
 a - a +0 robe (worn)
 h - a +0 cloak (worn)
 r - a scarf of repulsion
Jewellery
 k - a +6 ring of intelligence (left claw)
 q - a ring of magical power (right claw)
 D - the ring of the Mage {Wiz Archmagi}
   (You found it on level 5 of the Dungeon)

   [ring of wizardry]

   Wiz:       It improves your spell success rate.
   Archmagi:  It increases the power of your magical spells.
Wands
 f - a wand of digging (3)
 j - a wand of flame (8)
 A - a wand of mindburst (15)
 E - a wand of iceblast (10)
Scrolls
 b - 3 scrolls of fog
 c - 3 scrolls of revelation
 e - 2 scrolls of teleportation {unknown}
 g - a scroll of summoning {unknown}
 l - a scroll of enchant armour {unknown}
 n - a scroll of vulnerability {unknown}
 p - 2 scrolls of blinking
 t - a scroll of fear
 u - 2 scrolls of poison {unknown}
 v - a scroll of noise {unknown}
 y - a scroll of torment {unknown}
 z - a scroll of amnesia {unknown}
Potions
 i - a potion of ambrosia
 m - a potion of mutation
 s - a potion of invisibility
 x - a potion of might
 C - a potion of curing


   Skills:
 + Level 3.1 Fighting
 - Level 2.0 Armour
 - Level 1.5 Dodging
 - Level 2.7 Stealth
 + Level 7.1 Unarmed Combat
 - Level 3.3 Evocations


You had 6 spell levels left.
You didn't know any spells.
Your spell library contained the following spells:

 Spells                   Type           Power      Damage    Failure   Level
 Slow                     Hex            0%         N/A       32%         1
 Confusing Touch          Hex            0%         N/A       69%         3
 Gell's Gravitas          Tloc           0%         N/A       69%         3
 Sigil of Binding         Hex            0%         N/A       69%         3
 Teleport Other           Tloc           0%         N/A       69%         3
 Vampiric Draining        Necr           0%         2d6       69%         3
 Dispersal                Tloc           0%         N/A       100%        6


Dungeon Overview and Level Annotations

Branches:
Dungeon (5/15)
 Temple: D:4-7

Altars:
Fedhas
Xom
Zin
The Shining One

Shops:
D:1 ?

Annotations:
D:5 Pikel


Innate Abilities, Weirdness & Mutations

You are too large for most types of armour.
You have claws for hands.
Your natural rate of healing is unusually fast.
You are covered in fur. (AC +1)
You have tough skin. (AC +1)


Message History

There are monsters nearby!
A jackal comes into view.
The jackal barks!
You hear a shout!
You hear an angry hiss.
The jackal barks!
You hear a shout! x4
Found a scroll of fog.
An iguana comes into view.
You mangle the jackal!!
You kill the jackal!
Pikel hits you with a +2 whip of electrocution!
You claw Pikel!
Pikel is moderately wounded.
The jackal barely misses you.
You completely miss Pikel.
Pikel is moderately wounded.
Pikel hits you with a +2 whip of electrocution!
You are electrocuted!
The jackal misses you.
You closely miss the jackal.
The jackal bites you but does no damage.
Pikel closely misses you. The jackal barely misses you.
You closely miss Pikel.
Pikel is moderately wounded.
The jackal barely misses you. The jackal closely misses you.
Pikel barely misses you. The jackal barely misses you.
The jackal attacks as it pursues you! The jackal bites you.
Pikel says, "You'll make a fine lemure."
Unknown command.
You barely miss Pikel.
Pikel is moderately wounded.
You closely miss Pikel.
Pikel is moderately wounded.
Pikel hits you with a +2 whip of electrocution!
You are electrocuted!!
* * * LOW HITPOINT WARNING * * *
You completely miss Pikel.
Pikel is moderately wounded.
Pikel barely misses you.
You are too injured to fight recklessly!
You barely miss Pikel. Your claw misses Pikel.
Pikel is moderately wounded.
Pikel hits you with a +2 whip of electrocution!
You die...
Pikel says, "Another soul for the market."

##. .# #.... .# #...
.# #... .# ... .#
#.#+# .# ###
##.#####.#.###.#.....
+.........?.@Kh......
.##..####.#.###h######
..........#.# .5.
#######.###.# ...#
#.###.# .?.# #..##.#
..5# ##.##.# ....
#.##.# ..... #.##.#
###'##.# #......#


You could see Pikel, a lemure and 2 jackals.

Vanquished Creatures
  Grinder (D:3)
  Sigmund (D:2)
  Menkaure (D:5)
  A bombardier beetle (D:4)
  3 hounds
  Crazy Yiuf (D:2)
  Jessica (D:2)
  Ijyb (D:4)
  An iguana (D:4)
  6 adders
  A white imp (D:4)
  An ufetubus (D:5)
  5 dart slugs
  2 ribbon worms
  3 orcs
  10 bats
  7 endoplasms
  6 giant cockroaches
  16 goblins
  10 hobgoblins
  15 jackals
  6 quokkas
  5 ball pythons
  3 frilled lizards
  A goblin zombie (D:4)
  2 hobgoblin zombies (D:4)
  6 kobolds
  A kobold skeleton (D:4)
  A kobold zombie (D:4)
  An orc skeleton (D:4)
  An orc zombie (D:4)
  7 rats
127 creatures vanquished.

Vanquished Creatures (others)
  A giant cockroach (D:4)
  A kobold (D:4)
2 creatures vanquished.

Grand Total: 129 creatures vanquished

Notes
Turn   | Place    | Note
-------+----------+-------------------------------------------
     0 | D:5      | zenocrate the Troll Delver began the quest for the Orb.
     0 | D:5      | Reached XP level 1. HP: 22/22 MP: 0/0
     2 | D:5      | Noticed a lemure
     3 | D:5      | Noticed a lemure
     5 | D:5      | Noticed a lemure
     7 | D:5      | Noticed Pikel
    19 | D:5      | Noticed a lemure
    39 | D:4      | Reached XP level 2. HP: 17/29 MP: 1/1
   185 | D:4      | Reached skill level 3 in Unarmed Combat
   185 | D:4      | Reached XP level 3. HP: 30/36 MP: 2/2
   194 | D:3      | Noticed Grinder
   216 | D:3      | Reached skill level 4 in Unarmed Combat
   232 | D:3      | Killed Grinder
   233 | D:3      | Reached skill level 5 in Unarmed Combat
   233 | D:3      | Reached XP level 4. HP: 24/44 MP: 3/3
   233 | D:3      | Reached XP level 5. HP: 27/50 MP: 4/4
   364 | D:3      | Reached XP level 6. HP: 59/59 MP: 5/5
   425 | D:3      | Found a glowing silver altar of Zin.
  1036 | D:2      | Found a runed translucent door.
  1037 | D:2      | Noticed Crazy Yiuf
  1266 | D:1      | Found Usegus's Magic Scroll Boutique.
  1278 | D:1      | Bought a scroll of identify for 20 gold pieces
  1278 | D:1      | Bought a scroll of blinking for 75 gold pieces
  1386 | D:1      | Found a faded altar of an unknown god.
  2085 | D:2      | Noticed Sigmund
  2096 | D:2      | Killed Sigmund
  2097 | D:2      | Reached skill level 6 in Unarmed Combat
  2097 | D:2      | Reached XP level 7. HP: 64/66 MP: 6/6
  2302 | D:2      | Noticed Jessica
  2321 | D:2      | Killed Jessica
  2460 | D:2      | Killed Crazy Yiuf
  2704 | D:3      | Reached skill level 1 in Armour
  2962 | D:4      | Found a shimmering altar of Xom.
  3192 | D:4      | Found a glowing golden altar of the Shining One.
  3452 | D:4      | Noticed Ijyb
  3461 | D:4      | Killed Ijyb
  3602 | D:4      | Found a blossoming altar of Fedhas.
  3841 | D:5      | Found the ring of the Mage {Wiz Archmagi}
  3863 | D:5      | Noticed Menkaure
  3870 | D:5      | Killed Menkaure
  3871 | D:5      | Reached skill level 7 in Unarmed Combat
  3969 | D:5      | Slain by Pikel

Illustrated notes

Levels and vault maps discovered:
D:1:      ldierk_walled_garden_2, layout_rooms,
          hellmonk_ecumenical_altar_run_dry, serial_shops, shop
D:2:      layout_loops_corners, serial_co_window_serial,
          co_window_of_opportunity_a, co_window_paths_b, co_window_corner_a,
          co_window_corner_a, co_window_paths_b, co_window_of_opportunity_a,
          co_window_of_opportunity_c, co_window_corner_b, co_window_broadway_a,
          co_window_corner_ca, co_window_2corner, co_window_paths_e,
          glass_columns_a, dreamdust_wishing_well, kennysheep_flooded_box,
          minmay_gold_behind_fungi, kennysheep_pointless_box,
          chequers_decorated_corner, uniq_sigmund, uniq_crazy_yiuf_cottage,
          uniq_jessica
D:3:      layout_basic, mainiacjoe_overflow_six_doors_small, uniq_grinder
D:4:      kennysheep_goblin_castle, layout_loops_ring,
          fedhas_altar_decomposition, nicolae_tso_besieged_by_evil,
          xom_confusion_cloud, serial_bayou_pond_a
D:5:      layout_basic, uniq_menkaure, uniq_pikel

Skill      XL: |  1  2  3  4  5  6  7 |
---------------+----------------------+-----
Unarmed Combat | 3 5 6 7 |  7.1
Evocations     | 2 3 |  3.3
Armour         | 2 |  2.0
Fighting       | 3 |  3.1
Dodging        | |  1.5
Stealth        | |  2.7

Action                     |  1- 3 |  4- 6 |  7- 9 || total
---------------------------+-------+-------+-------++-------
  Melee: Unarmed           |    49 |   122 |   149 ||   320
         Punch             |       |     1 |     2 ||     3
    Use: Potion            |     2 |       |       ||     2
         Scroll            |     1 |     2 |     2 ||     5
   Stab: Sleeping          |     1 |     7 |     5 ||    13
         Distracted        |       |     1 |     1 ||     2
 Armour: Robe              |    52 |    74 |    98 ||   224
  Dodge: Dodged            |    36 |    55 |    89 ||   180

Table legend: (Time is in decaauts)
 A = Elapsed time spent in this place.
 B = Non-inter-level travel time spent in this place.
 C = Inter-level travel time spent in this place.
 D = Time resting spent in this place.
 E = Time spent auto-exploring this place.
 F = Levels seen in this place.
 G = Mean time per level.
                   A        B        C        D        E       F      G
               +--------+--------+--------+--------+--------+-----+--------+
         Total |   3917 |   3690 |    227 |      0 |   2855 |   5 |  783.4 |
       Dungeon |   3917 |   3690 |    227 |      0 |   2855 |   5 |  783.4 |
               +--------+--------+--------+--------+--------+-----+--------+

Top non-repeatable levels by time:
     D:2: 1599 daAuts
     D:4: 998 daAuts
     D:3: 650 daAuts
     D:1: 473 daAuts
     D:5: 194 daAuts
